 Dungeon Crawl Stone Soup version bcrawl-1.21.2-1-g32d02e0829 (webtiles) character file.

Game seed: 339974411209554770

44 Mrkan the Ruffian (level 3, 0/36 HPs)
             Began as a Troll Fighter on Feb 19, 2020.
             Slain by a goblin
             ... wielding a +0 club
             ... led by Robin
              (4 damage)
             ... on level 2 of the Dungeon.
             The game lasted 00:01:28 (812 turns).

Mrkan the Ruffian (Troll Fighter)                    Turns: 812, Time: 00:01:29

Health: 0/36       AC:  5    Str: 30    XL:     3   Next: 41%
Magic:  2/2        EV:  8    Int:  5    God:
Gold:   133        SH:  9    Dex:  9    Spells: 2/2 levels left

rFire    . . .     SeeInvis .     - Unarmed
rCold    . . .     Gourm    +   a - +0 shield
rNeg     . . .     Faith    .   (armour unavailable)
rPois    .         Spirit   .   (helmet restricted)
rElec    .         Reflect  .   (no cloak)
rCorr    .         Harm     .   (gloves unavailable)
MR       .....                  (boots unavailable)
Stlth    +.........             (no amulet)
HPRegen  0.12/turn              (no ring)
MPRegen  0.08/turn              (no ring)

@: mighty
A: large, almost no armour, unfitting armour, claws 3, fast metabolism 3,
gourmand, AC +5
a: no special abilities


You were on level 2 of the Dungeon.
You were very full.

You visited 1 branch of the dungeon, and saw 2 of its levels.

You collected 133 gold pieces.

Inventory:

Armour
 a - a +0 shield (worn)
Jewellery
 d - a +3 ring of evasion {unknown}
Scrolls
 c - a scroll of amnesia {unknown}
 g - a scroll of remove curse {unknown}
 i - a scroll of magic mapping {unknown}
 j - a scroll of blinking {unknown}
Potions
 h - a potion of heal wounds {unknown}
Comestibles
 e - 2 rations {!d}
 f - 2 chunks of flesh


   Skills:
 + Level 2.9 Fighting
 - Level 2.4 Dodging
 - Level 2.0 Shields
 * Level 3.4 Unarmed Combat


You had 2 spell levels left.
You didn't know any spells.
Your spell library was empty.

Dungeon Overview and Level Annotations

Branches:
Dungeon (2/12)

Altars:
Cheibriados

Annotations:
D:2 Jessica, Robin


Innate Abilities, Weirdness & Mutations

You cannot wear most types of armour.
Your thick skin is tough. (AC +5)
You are too large for most types of armour.
You have claws for hands.
Your metabolism is lightning-fast.
You like to eat raw meat.


Message History

The goblin no longer looks unusually strong.
The goblin hits you.
* * * LOW HITPOINT WARNING * * *
The goblin hits you with a +0 club.
* * * LOW HITPOINT WARNING * * *
Robin misses you.
You closely miss the goblin. The goblin barely misses you.
You block the hobgoblin's attack. You block the goblin's attack.
You scratch Robin.
Robin is moderately wounded.
You block the goblin's attack. The hobgoblin barely misses you.
The goblin barely misses you.
You feel very mighty all of a sudden.
The hobgoblin no longer looks unusually strong.
The goblin barely misses you. The hobgoblin hits you with a +0 club.
* * * LOW HITPOINT WARNING * * *
You barely miss Robin.
Robin is moderately wounded.
The goblin hits you with a +0 club.
You die...

####..############......##.#
##.. ......#.. ..#
####......# #... #####.#.#
#.# #.###### #...
#.#.#####.# #.# #...
#......##.#######.# ##..
###............##.## ###
#..###...#####...## #..#
#..bgg##@....## ##.#
#.###@#.......#gg #.....#
#gg@.._...... #######
###g.....(#g# ##.....##
##...## ##.## .# .. ...


You could see Robin, Jessica, a hobgoblin, 3 goblins and a bat.

Vanquished Creatures
  A dart slug (D:2)
  3 leopard geckos (D:1)
  2 bats (D:1)
  4 giant cockroaches
  9 goblins
  4 hobgoblins (D:1)
  A quokka (D:1)
  A frilled lizard (D:2)
  3 kobolds
  6 rats
34 creatures vanquished.

Notes
Turn   | Place    | Note
-------+----------+-------------------------------------------
     0 | D:1      | Mrkan the Troll Fighter began the quest for the Orb.
     0 | D:1      | Reached XP level 1. HP: 22/22 MP: 0/0
   102 | D:1      | Reached XP level 2. HP: 29/29 MP: 1/1
   470 | D:1      | Reached skill level 3 in Unarmed Combat
   527 | D:1      | Reached XP level 3. HP: 34/36 MP: 2/2
   784 | D:2      | Found a snail-covered altar of Cheibriados.
   785 | D:2      | Noticed Jessica
   789 | D:2      | Noticed Robin
   812 | D:2      | Slain by a goblin

Skill      XL: |  1  2 |
---------------+-------+-----
Unarmed Combat | 3 |  3.4
Fighting       | |  2.9
Dodging        | |  2.4
Shields        | |  2.0

Action                   || total
-------------------------++-------
Melee: Unarmed           ||    96
  Use: Potion            ||     1
 Stab: Sleeping          ||     1
  Eat: Chunk             ||    10
Armor: Skin              ||    49
Dodge: Dodged            ||    47
Block: Shield            ||    46
